 Dungeon Crawl Stone Soup version 0.15.2 (webtiles) character file.

67 magipi the Chopper (level 4, -2/23 HPs)
             Began as a Vine Stalker Skald on Aug 25, 2015.
             Slain by a hound (5 damage)
             ... on Level 4 of the Dungeon.
             The game lasted 00:05:51 (880 turns).

magipi the Chopper (Vine Stalker Skald)              Turns: 880, Time: 00:05:51

HP  -2/23        AC  3     Str 14      XL: 4   Next: 18%
MP   0/8         EV 10     Int 12      God:
Gold 56          SH  0     Dex 15      Spells:  1 memorised,  6 levels left

rFire  . . .     SeeInvis .     a - +0 hand axe
rCold  . . .     Clarity  .     b - +0 leather armour
rNeg   . . .     rCorr    .     (no shield)
rPois  .         rRot     +     (no helmet)
rElec  .         Spirit   +     (no cloak)
SustAb .         Warding  .     (no gloves)
rMut   .         Stasis   .     (no boots)
Gourm  .                        (no amulet)
MR     .....                    (no ring)
                                (no ring)

@: lethally poisoned, infused, very slightly contaminated, not resistant to
hostile enchantments, very unstealthy
A: fangs 2, regeneration 1, magic shield, antimagic bite, no device heal 3, rot
immunity
a: no special abilities


You were on level 4 of the Dungeon.
You were not hungry.

You visited 1 branch of the dungeon, and saw 4 of its levels.

You collected 56 gold pieces.

Inventory:

Hand weapons
 a - a +0 hand axe (weapon)
Armour
 b - a +0 leather armour (worn)
Comestibles
 d - a bread ration
 l - a chunk of ball python flesh
 n - a chunk of adder flesh
Scrolls
 g - a scroll of identify {unknown}
 i - a scroll of magic mapping {unknown}
 j - a scroll of fear {unknown}
 m - a scroll of noise {unknown}
 o - a scroll of enchant weapon {unknown}
Potions
 e - a potion of confusion {unknown}
 f - a potion of lignification {unknown}
 h - 2 potions of curing {unknown}
 p - a potion of restore abilities {unknown}
Books
 c - a book of Battle

   Spells                             Type                      Level
   *Infusion                          Charms                       1
   Shroud of Golubria                 Charms/Translocation         2
   Song of Slaying                    Charms                       2
   Spectral Weapon                    Hexes/Charms                 3
   Regeneration                       Charms/Necromancy            3


   Skills:
 - Level 1.7 Fighting
 + Level 3.9 Axes
 - Level 0.7 Armour
 - Level 0.7 Dodging
 - Level 2.1 Spellcasting
 - Level 3.0 Charms


You had 6 spell levels left.
You knew the following spells:

 Your Spells              Type           Power        Failure   Level  Hunger
a - Infusion              Chrm           #.....       10%         1    ##.....


Dungeon Overview and Level Annotations

Branches:
Dungeon (4/15)
 Temple: D:4-7

Altars:

Annotations:
D:3 Grinder


Innate Abilities, Weirdness & Mutations

You have extremely sharp teeth.
Your natural rate of healing is unusually fast.
When hurt, damage is shared between your health and your magic reserves.
Your bite disrupts and absorbs the magic of your enemies.
Potions and wands cannot restore your health.
You are immune to rotting.

Vault maps used:
D:1:      evilmike_arrival_crescent
D:3:      minivault_23, uniq_grinder, uniq_natasha
D:4:      vehumet_statue, kennysheep_little_box


Message History

You hit the kobold but do no damage. You bite the kobold, but do no damage.
The kobold is moderately wounded.
The kobold barely misses you.
You hit the kobold.
You kill the kobold!
You now have 56 gold pieces (gained 13).
Found a sedimented inky potion.
p - a sedimented inky potion
Found an escape hatch in the floor and an escape hatch in the ceiling.
Unknown command.
An ooze comes into view.
A bat comes into view.
The bat closely misses you. The bat barely misses you.
You hit the bat.
You kill the bat!
You have reached level 4!
You feel agile.
You hit the ooze. You bite the ooze. You drain its power.
The ooze is heavily wounded.
The ooze hits you.
Your leather armour prevents you from hitting the ooze.
You bite the ooze. You drain its power.
You feel invigorated.
The ooze is severely wounded.
The ooze hits you.
You barely miss the ooze. Your bite misses the ooze.
The ooze is severely wounded.
The ooze barely misses you.
You hit the ooze but do no damage. You bite the ooze. You drain its power.
You feel invigorated.
The ooze is severely wounded.
You hit the ooze.
The ooze is almost dead.
The ooze hits you but does no damage.
You hit the ooze.
You kill the ooze!
A rat comes into view.
You closely miss the rat. Your bite misses the rat.
The rat bites you but does no damage.
You hit the rat. Your bite misses the rat.
The rat is moderately wounded.
The rat bites you.
You barely miss the rat.
The rat is moderately wounded.
The rat misses you.
You barely miss the rat. Your bite misses the rat.
The rat is moderately wounded.
The rat twitches its whiskers.
The rat bites you but does no damage.
You closely miss the rat. Your bite misses the rat.
The rat is moderately wounded.
The rat bites you. The rat bites you but does no damage.
You hit the rat.
You kill the rat!
An adder and Grinder come into view.
Grinder zaps a wand.
You easily resist.
Unknown command.
Grinder gestures.
Grinder blinks!
The adder barely misses you.
There is an escape hatch in the floor here.
The adder bites you but does no damage.
You slide downwards.
The hatch slams shut behind you.
A hound and a scorpion come into view.
The hound barks!
Found a scroll labeled STEWUR OLOTHA.
You miss the adder. Your bite misses the adder. The adder bites you.
You are poisoned.
The adder poisons you! The adder barely misses you.
You feel sick.
Casting: Infusion
Confirm with . or Enter, or press ? or * to list all spells.
You miscast Infusion.
You are very lightly contaminated with residual magic.
The air around you crackles with energy!
The adder bites you.
Unknown command.
Unknown command.
You barely miss the adder. Your bite misses the adder.
You feel sick. The adder bites you.
You are more poisoned.
The adder poisons you! The adder bites you.
You hit the adder. Your bite misses the adder.
The adder is almost dead.
The adder misses you.
You hit the adder.
You kill the adder!
You feel sick. The hound closely misses you.
Casting: Infusion
Confirm with . or Enter, or press ? or * to list all spells.
You begin infusing your attacks with magical energy.
You feel sick. The hound bites you.
Unknown command.
Unknown command.
You closely miss the hound. Your bite misses the hound. The hound bites you.
* * * LOW HITPOINT WARNING * * *
The hound barely misses you.
Some of the chunks of flesh in your inventory have rotted away.
You closely miss the hound.
You feel sick. The hound barely misses you. The hound bites you.
You die...

#... #..s
#... #..#
#..#
#.####.h#
#.......#
##.#####.#
#.....@hs#
...#########


You could see a scorpion and a hound.

Table legend:
 A = Kills in this place as a percentage of kills in entire the game.
 B = Kills by you in this place as a percentage of kills by you in the entire game.
 C = Kills by friends in this place as a percentage of kills by friends in the entire game.
 D = Other kills in this place as a percentage of other kills in the entire game.
 E = Experience gained in this place as a percentage of experience gained in the entire game.
 F = Experience gained in this place divided by the number of levels of this place that you have seen.
                   A       B       C       D       E      F
               +-------+-------+-------+-------+-------+----------------------
         Total | 100.0 | 100.0 |  -nan |  -nan | 100.0 |  24.2
       Dungeon | 100.0 | 100.0 |  -nan |  -nan | 100.0 |  24.2
               +-------+-------+-------+-------+-------+----------------------

Vanquished Creatures
  3 adders
  2 oozes
  6 bats
  3 giant cockroaches
  3 hobgoblins
  5 jackals
  7 kobolds
  A ball python (D:2)
  3 giant newts (D:1)
  3 goblins
  4 rats
40 creatures vanquished.

Notes
Turn   | Place    | Note
--------------------------------------------------------------
     0 | D:1      | magipi, the Vine Stalker Skald, began the quest for the Orb.
     0 | D:1      | Reached XP level 1. HP: 11/11 MP: 3/3
   127 | D:1      | Reached XP level 2. HP: 8/15 MP: 0/5
   375 | D:2      | Reached XP level 3. HP: 14/18 MP: 4/7
   826 | D:3      | Reached XP level 4. HP: 23/23 MP: 8/8
   852 | D:3      | Noticed Grinder
   880 | D:4      | Slain by a hound

Action                   |  1- 3 |  4- 6 || total
-------------------------+-------+-------++-------
Melee: Hand axe          |   120 |    18 ||   138
 Cast: Infusion          |     3 |     1 ||     4

Action                   |  1- 3 |  4- 6 || total
-------------------------+-------+-------++-------
Melee: Hand axe          |   120 |    18 ||   138
 Cast: Infusion          |     3 |     1 ||     4

Action                   |  1- 3 |  4- 6 || total
-------------------------+-------+-------++-------
Melee: Hand axe          |   120 |    18 ||   138
 Cast: Infusion          |     3 |     1 ||     4
